 Dungeon Crawl Stone Soup version 0.27.1-33-g824d729ab1 (webtiles) character file.

Game seed: 18434060125205106225

2173 styxcanada the Covert (level 9, -1/45 HPs)
             Began as a Spriggan Brigand on Dec 12, 2021.
             Was an Initiate of Gozag.
             Slain by an orc warrior (12 damage)
             ... on level 7 of the Dungeon.
             The game lasted 00:26:23 (7466 turns).

styxcanada the Covert (Spriggan Brigand)            Turns: 7466, Time: 00:26:24

Health: -1/45      AC:  5    Str:  5    XL:     9   Next: 11%
Magic:  14/14      EV: 21    Int: 13    God:    Gozag
Gold:   344        SH:  0    Dex: 19    Spells: 11/14 levels left

rFire    . . .     SeeInvis +   n - +0 short sword (venom)
rCold    + + +     Faith    .   (shield restricted)
rNeg     . . .     Spirit   .   u - +2 robe of the Wasteland {+Inv rC++ Str-2}
rPois    .         Reflect  .   (helmet restricted)
rElec    .         Harm     .   c - +0 cloak
rCorr    .         Rampage  .   (gloves unavailable)
Will     +....                  (boots unavailable)
Stlth    +++++.....             l - amulet of regeneration
HPRegen  1.15/turn              y - ring of protection from cold
MPRegen  0.14/turn              (no ring)

@: gold aura, very quick
A: very small, no large weapons, unfitting armour, see invisible, speed 3
a: Renounce Religion, Evoke Invisibility, Potion Petition, Call Merchant, Bribe
Branch


You were on level 7 of the Dungeon.
You worshipped Gozag.
Gozag was aware of your devotion.
You visited 2 branches of the dungeon, and saw 8 of its levels.

You collected 463 gold pieces.
You paid 119 gold pieces to Gozag.

Inventory:

Hand Weapons
 a - a +2 dagger
 j - a +0 hunting sling
 n - a +0 short sword of venom (weapon)
 v - a +1 dagger of electrocution
Missiles
 d - 33 poisoned darts
 e - 4 curare-tipped darts (quivered)
 f - 71 sling bullets
 i - 174 stones
 w - a throwing net
Armour
 b - a +0 robe
 c - a +0 cloak (worn)
 u - the +2 robe of the Wasteland (worn) {+Inv rC++ Str-2}
   (You found it on level 4 of the Dungeon)

   Str:       It affects your strength (-2).
   rC:        It greatly protects you from cold.
   +Inv:      It lets you turn invisible.
Jewellery
 l - an amulet of regeneration (around neck)
 r - a ring of fire
 y - a ring of protection from cold (left hand)
Wands
 x - a wand of paralysis (12)
 B - a wand of acid (9)
Scrolls
 h - 4 scrolls of identify
 k - a scroll of teleportation
 p - a scroll of amnesia
Potions
 g - a potion of brilliance
 m - a potion of mutation
 o - a potion of resistance
 q - a potion of flight
 t - a potion of attraction {unknown}
 z - 3 potions of curing {unknown}


   Skills:
 * Level 4.0 Fighting
 + Level 5.1 Short Blades
 + Level 1.3(2.6) Slings
 + Level 2.9(3.0) Throwing
 * Level 6.5 Dodging
 * Level 11.5 Stealth
 * Level 3.2 Spellcasting
 * Level 3.3 Hexes
 * Level 1.8 Ice Magic
 * Level 3.2 Evocations


You had 11 spell levels left.
You knew the following spells:

 Your Spells              Type           Power      Damage    Failure   Level
a - Corona                Hex            11%        N/A       6%          1
b - Ensorcelled Hibernat  Hex/Ice        16%        N/A       12%         2

Your spell library contained the following spells:

 Spells                   Type           Power      Damage    Failure   Level
 Tukima's Dance           Hex            10%        N/A       17%         3


Dungeon Overview and Level Annotations

Branches:
Dungeon (7/15)             Temple (1/1) D:5

Altars:
Ashenzari
Cheibriados
Dithmenos
Elyvilon
Fedhas
Gozag
Hepliaklqana
Kikubaaqudgha
Makhleb
Nemelex Xobeh
Okawaru
Qazlal
Ru
Sif Muna
Trog
Uskayaw
Vehumet
Wu Jian
Xom
Yredelemnul
Zin

Shops:
D:6 :


Innate Abilities, Weirdness & Mutations

You are very small and have problems with some larger weapons.
You are too small for most types of armour.
You have supernaturally acute eyesight. (SInv)
You cover ground extremely quickly. (Speed+++)


Message History

Unknown command.
You open the door.
An orc warrior, a white imp and a zombie come into view.
The orc warrior shouts!
A scorpion comes into view.
There is an open door here.
The bullfrog zombie closely misses you.
You hit the bullfrog zombie.
The bullfrog zombie is lightly damaged.
You hit the bullfrog zombie.
The bullfrog zombie is lightly damaged.
You closely miss the white imp. You hit the white imp but do no damage.
The white imp is poisoned.
The white imp hits you. The white imp freezes you. You resist.
You hit the white imp.
The white imp is moderately wounded.
The white imp closely misses you.
You hit the white imp.
The white imp looks as sick as possible!
The white imp is heavily wounded.
The white imp shouts, "Get thee gone, thou impertinent miscreant surfacer!"
The white imp closely misses you.
You closely miss the white imp.
The white imp is severely wounded.
You hit the white imp.
You kill the white imp!
You hit the orc warrior but do no damage.
The orc warrior is poisoned.
The orc warrior hits you with a +4 morningstar!
You hit the orc warrior but do no damage.
The orc warrior looks even sicker.
The orc warrior is lightly wounded.
The orc warrior hits you with a +4 morningstar!!
* * * LOW HITPOINT WARNING * * *
You hit the orc warrior but do no damage.
The orc warrior looks as sick as possible!
The orc warrior is lightly wounded.
The orc warrior hits you with a +4 morningstar!
You die...
Your body crumbles into a pile of gold.

#..#
##...##..#.#..##...##.
#..##
#.#.#.##.#.#.##..#..#.
#...#
###...###.#.#.##.#.#.##
#...##
#..#.#..###.###...#...#
#....#
#.#...#.##...##..#.#..#
#....##
#...#.#...##.##..#.#.#..
#.....#
#..#...#..##.##.........
#.....#
########'##'##'#########
#.....##
#@##.##..8|8.8..##
#####.)#
#o##.##8.......8## ##.##
s##...##..≈.≈..### ##.)#
#Z##...##8..8..8##.
#...##
.##.....##..≈..##..
##...#
#.##.....##8...8##.#
#...##
.##.......##...####.
##...#
#.##.......##8.8##...
###.##
#.........##.##...#


You could see an orc warrior (extremely poisoned), a scorpion and a bullfrog
zombie.

Vanquished Creatures
  A steam dragon (D:7)
  A water moccasin (D:7)
  Duvessa (D:6)
  3 ice beasts
  A black bear (D:5)
  An ogre (D:4)
  A necrophage (D:4)
  A kobold brigand (D:6)
  A phantom (D:7)
  2 bullfrogs
  2 scorpions (D:6)
  Dowan (D:6)
  6 killer bees (D:7)
  A bullfrog zombie (D:7)
  A hound (D:6)
  2 orc priests
  3 centaur skeletons
  4 iguanas
  2 orc wizards
  A killer bee zombie (D:7)
  A hound skeleton (D:5)
  4 gnolls (D:6)
  5 adders
  2 white imps (D:7)
  2 worms (D:2)
  2 dart slugs
  11 orcs
  5 bats
  9 endoplasms
  4 giant cockroaches
  6 goblins
  6 hobgoblins
  3 jackals
  10 kobolds
  2 quokkas
  6 ball pythons
  A frilled lizard (D:1)
  5 rats
120 creatures vanquished.

Notes
Turn   | Place    | Note
-------+----------+-------------------------------------------
     0 | D:1      | styxcanada the Spriggan Brigand began the quest for the
                  | Orb.
     0 | D:1      | Reached XP level 1. HP: 10/10 MP: 2/2
   248 | D:1      | Reached skill level 6 in Stealth
   561 | D:1      | Reached XP level 2. HP: 15/15 MP: 3/3
  1820 | D:2      | Reached skill level 7 in Stealth
  1820 | D:2      | Reached XP level 3. HP: 1/18 MP: 4/4
  2120 | D:2      | Reached XP level 4. HP: 23/23 MP: 5/5
  3391 | D:3      | Reached XP level 5. HP: 27/27 MP: 6/6
  3998 | D:4      | Reached skill level 8 in Stealth
  4047 | D:4      | You fall into a shaft and drop 2 floors!
  4067 | D:6      | Found an ornate altar of the Wu Jian Council.
  4088 | D:6      | Noticed Duvessa
  4088 | D:6      | Noticed Dowan
  4093 | D:6      | Killed Duvessa
  4094 | D:6      | Reached skill level 1 in Slings
  4094 | D:6      | Reached XP level 6. HP: 32/32 MP: 7/7
  4104 | D:6      | Killed Dowan
  4110 | D:6      | Reached skill level 9 in Stealth
  4291 | D:6      | Found Ezeh Cai's Book Emporium.
  4340 | D:5      | Entered Level 5 of the Dungeon
  4385 | D:5      | Reached XP level 7. HP: 15/35 MP: 8/8
  4400 | D:5      | Noticed a hornet
  4642 | D:5      | Found a staircase to the Ecumenical Temple.
  4666 | Temple   | Entered the Ecumenical Temple
  4919 | D:4      | Learned a level 1 spell: Corona
  5002 | D:4      | Identified the +2 robe of the Wasteland {+Inv rC++ Str-2}
  5389 | D:4      | Reached skill level 10 in Stealth
  5389 | D:4      | Reached skill level 1 in Spellcasting
  5389 | D:4      | Reached skill level 1 in Hexes
  5389 | D:4      | Reached skill level 1 in Evocations
  5490 | D:4      | Learned a level 2 spell: Ensorcelled Hibernation
  5573 | D:5      | Found a shimmering altar of Xom.
  5573 | D:5      | Found an ancient bone altar of Kikubaaqudgha.
  6244 | D:6      | Reached XP level 8. HP: 40/40 MP: 11/11
  6504 | D:7      | Reached skill level 5 in Dodging
  6504 | D:7      | Reached skill level 1 in Ice Magic
  6520 | D:7      | Found an opulent altar of Gozag.
  6527 | D:7      | Became a worshipper of Gozag Ym Sagoz the Greedy
  6551 | D:7      | Found a shimmering blue altar of Sif Muna.
  6554 | D:7      | Found a glowing silver altar of Zin.
  6626 | D:7      | Reached skill level 11 in Stealth
  6888 | D:7      | Found a stormy altar of Qazlal.
  7054 | D:7      | Found a bloodstained altar of Trog.
  7236 | D:7      | HP: 1/42 [steam dragon] (8)]
  7237 | D:7      | Reached XP level 9. HP: 3/45 MP: 14/14
  7245 | D:7      | Reached skill level 5 in Short Blades
  7466 | D:7      | Slain by an orc warrior

Illustrated notes

Levels and vault maps discovered:
D:1:      amcnicky_arrival_gap_in_the_tavern_cellar, layout_basic
D:2:      layout_loops_ring
D:3:      layout_loops_cross, minmay_fractal_squares_5
D:4:      minmay_diamond_boxcup, layout_rooms, serial_corexii_hall,
          chequers_hall_statues_corner_a, corexii_hall_statues_deadend
D:5:      layout_cave_pools, gammafunk_temple_overflow_elements,
          minmay_temple_entry_glass, lightli_corner_chamber
D:6:      layout_gridville, kennysheep_mini_moat, serial_shops, shop,
          uniq_duvessa
D:7:      minmay_the_grid_triangle_9x9_rhombus_full
          [minmay_the_grid_triangle_9x9_limited_checkers,
          minmay_the_grid_triangle_9x9_from_above,
          minmay_the_grid_triangle_9x9_odd_lines,
          minmay_the_grid_triangle_9x9_shrine,
          minmay_the_grid_triangle_9x9_empty,
          minmay_the_grid_triangle_9x9_thin_v,
          minmay_the_grid_triangle_9x9_zippers_vertical,
          minmay_the_grid_triangle_9x9_prize_insulated], layout_rooms,
          mainiacjoe_overflow_alcove_1, overflow_temple_1_default,
          lemuel_tele_altar, mainiacjoe_overflow_chevrons,
          nicolae_overflow_crystal_walls
Temple:   nicolae_temple_figure_eight

Skill      XL: |  1  2  3  4  5  6  7  8  9 |
---------------+----------------------------+-----
Stealth        | 6 7 8 9 10 11 | 11.5
Fighting       | 2 3 4 |  4.0
Dodging        | 2 3 4 6 |  6.5
Short Blades   | 3 4 5 |  5.1
Slings         | 1 |  1.3
Spellcasting   | 1 3 |  3.2
Hexes          | 1 3 |  3.3
Evocations     | 1 3 |  3.2
Ice Magic      | 1 |  1.8
Throwing       | |  2.9

Action                   |  1- 3 |  4- 6 |  7- 9 || total
-------------------------+-------+-------+-------++-------
Melee: Dagger            |    68 |    81 |       ||   149
       Short sword       |       |    30 |   295 ||   325
 Fire: Hunting sling     |       |     7 |       ||     7
Throw: Dart              |    18 |    21 |       ||    39
  Use: Scroll            |       |     6 |     7 ||    13
       Potion            |       |       |     2 ||     2
 Stab: Sleeping          |     8 |    16 |    19 ||    43
       Distracted        |       |       |     3 ||     3
Armor: Robe              |    10 |    18 |    35 ||    63
Dodge: Dodged            |    43 |    78 |   271 ||   392
